 Dungeon Crawl Stone Soup version 0.26-a0-466-g989023bd0d (webtiles) character file.

Game seed: 18230249448000142851

1 Apogee the Sneak (level 1, 0/9 HPs)
             Began as a Spriggan Enchanter on Aug 6, 2020.
             Slain by a jackal (1 damage)
             ... on level 2 of the Dungeon.
             The game lasted 00:01:29 (244 turns).

Apogee the Sneak (Spriggan Enchanter)                Turns: 244, Time: 00:01:30

Health: 0/9        AC:  2    Str:  4    XL:     1   Next: 16%
Magic:  4/5        EV: 18    Int: 16    God:
Gold:   25         SH:  0    Dex: 16    Spells: 4/5 levels left

rFire    . . .     SeeInvis +   a - +1 dagger
rCold    . . .     Faith    .   (shield restricted)
rNeg     . . .     Spirit   .   b - +0 robe
rPois    .         Reflect  .   (helmet restricted)
rElec    .         Harm     .   (no cloak)
rCorr    .                      (gloves unavailable)
MR       .....                  (boots unavailable)
Stlth    +++.......             (no amulet)
HPRegen  0.03/turn              (no ring)
MPRegen  0.09/turn              (no ring)

@: very quick
A: very small, unfitting armour, see invisible, speed 3
a: no special abilities


You were on level 2 of the Dungeon.
You visited 1 branch of the dungeon, and saw 2 of its levels.

You collected 25 gold pieces.

Inventory:

Hand Weapons
 a - a +1 dagger (weapon)
Armour
 b - a +0 robe (worn)


   Skills:
 + Level 1.1 Short Blades
 - Level 3.0 Dodging
 * Level 4.5 Stealth
 - Level 2.6 Spellcasting
 - Level 3.6 Hexes


You had 4 spell levels left.
You knew the following spells:

 Your Spells              Type           Power        Failure   Level
a - Corona                Hex            ##.....      4%          1

Your spell library contained the following spells:

 Spells                   Type           Power        Failure   Level
 Confusing Touch          Hex            ##......     13%         3
 Tukima's Dance           Hex            ##......     13%         3
 Ensorcelled Hibernation  Hex/Ice        #.....       14%         2
 Dazzling Flash           Conj/Hex       #.....       28%         3


Dungeon Overview and Level Annotations

Branches:
Dungeon (2/15)

Altars:


Innate Abilities, Weirdness & Mutations

You are very small and have problems with some larger weapons.
You are too small for most types of armour.
You have supernaturally acute eyesight. (SInv)
You cover ground extremely quickly.


Message History

You climb downwards.
Found 16 gold pieces and a pink potion.
There is a stone staircase leading up here.
Aim: a jackal (chance to defeat MR: 67%)
The jackal barely resists.
The jackal misses you.
Found a glowing black potion.
You see here 16 gold pieces.
There is a stone staircase leading up here.
You see here 16 gold pieces.
There is a stone staircase leading up here.
There is a stone staircase leading up here.
You see here 16 gold pieces.
There is a stone staircase leading up here.
You now have 16 gold pieces.
You start resting.
A jackal is nearby!
There is a stone staircase leading up here.
You start resting.
A jackal is nearby!
There is a stone staircase leading up here.
The jackal barks!
There is a stone staircase leading up here.
Found 9 gold pieces.
You now have 25 gold pieces (gained 9).
There is a stone staircase leading up here.
Aim: a jackal (chance to defeat MR: 67%)
The jackal is outlined in light.
The jackal closely misses you.
You barely miss the jackal. The jackal closely misses you.
You hit the jackal. The jackal barely misses you.
You hit the jackal but do no damage. The jackal closely misses you.
The jackal completely misses you.
You hit the jackal but do no damage.
The jackal stops glowing.
The jackal closely misses you.
You barely miss the jackal.
The jackal pauses to sniff the ground.
The jackal misses you.
Aim: a jackal (moderately wounded, chance to defeat MR: 67%)
The jackal is outlined in light.
The jackal closely misses you.
You hit the jackal. The jackal closely misses you.
You completely miss the jackal. The jackal barely misses you. x2
You hit the jackal. The jackal barely misses you.
You hit the jackal but do no damage. The jackal misses you.
You hit the jackal but do no damage. The jackal bites you.
* * * LOW HITPOINT WARNING * * *
The jackal barely misses you.
You hit the jackal but do no damage. The jackal closely misses you.
You barely miss the jackal. The jackal closely misses you.
You hit the jackal but do no damage. The jackal bites you.
You die...

#######
#.....#
#.###.#
#.h.#.#
###@#<#
#.....#
#.#.#.#
#.#.#.#
#.#.#.#
#..!#.#
#####.#
.!# ..


You could see a jackal (corona).

Vanquished Creatures
  A bat (D:1)
1 creature vanquished.

Notes
Turn   | Place    | Note
-------+----------+-------------------------------------------
     0 | D:1      | Apogee the Spriggan Enchanter began the quest for the Orb.
     0 | D:1      | Reached XP level 1. HP: 9/9 MP: 5/5
   244 | D:2      | Slain by a jackal

Illustrated notes

Levels and vault maps discovered:
D:1:      nagdon_arrival_double_spiral, layout_rooms
D:2:      layout_basic, minmay_heptomino_w4, uniq_crazy_yiuf_cottage

Action                   || total
-------------------------++-------
Melee: Dagger            ||    19
 Cast: Corona            ||     4
Armor: Robe              ||     6
Dodge: Dodged            ||    42

Table legend: (Time is in decaauts)
 A = Elapsed time spent in this place.
 B = Non-inter-level travel time spent in this place.
 C = Inter-level travel time spent in this place.
 D = Time resting spent in this place.
 E = Time spent auto-exploring this place.
 F = Levels seen in this place.
 G = Mean time per level.
                   A        B        C        D        E       F      G
               +--------+--------+--------+--------+--------+-----+--------+
         Total |    191 |    191 |      0 |      3 |     72 |   2 |   95.5 |
       Dungeon |    191 |    191 |      0 |      3 |     72 |   2 |   95.5 |
               +--------+--------+--------+--------+--------+-----+--------+

Top non-repeatable levels by time:
     D:1: 115 daAuts
     D:2: 75 daAuts
